 Dungeon Crawl Stone Soup version 0.21.1-1-g345015f (webtiles) character file.

193 manyhoops the Charlatan (level 5, -3/38 HPs)
             Began as a Gnoll Wanderer on Mar 27, 2018.
             Was an Initiate of Hepliaklqana.
             Slain by an orc warrior
             ... wielding a +0 dire flail
              (17 damage)
             ... on level 6 of the Dungeon on Mar 28, 2018.
             The game lasted 00:05:44 (2907 turns).

manyhoops the Charlatan (Gnoll Wanderer)            Turns: 2907, Time: 00:05:45

Health: -3/38      AC:  9    Str: 15    XL:     5   Next: 72%
Magic:  4/9        EV: 15    Int: 21    God:    Hepliaklqana [......]
Gold:   73         SH:  0    Dex: 21    Spells: 8/10 levels left

rFire    . . .     SeeInvis +   u - +1 falchion
rCold    . . .     Gourm    .   (no shield)
rNeg     . . .     Faith    .   a - +2 scale mail
rPois    .         Spirit   .   (no helmet)
rElec    .         Reflect  .   (no cloak)
rCorr    .         Harm     .   (no gloves)
MR       .....                  (no boots)
Stlth    ++........             (no amulet)
HPRegen  0.12/turn              k - +3 ring of intelligence
MPRegen  0.11/turn              r - ring of see invisible

@: brilliant, agile, flying, very slightly contaminated, invisible
A: distributed training, reduced essence, fangs 1, strong nose
a: Recall Ancestor, Ancestor Identity, Renounce Religion


You were on level 6 of the Dungeon.
You worshipped Hepliaklqana.
Hepliaklqana was noncommittal.
You were hungry.

You visited 1 branch of the dungeon, and saw 4 of its levels.

You collected 73 gold pieces.

Inventory:

Hand Weapons
 u - a +1 falchion (weapon)
Armour
 a - a +2 scale mail (worn)
Jewellery
 k - a +3 ring of intelligence (left hand)
 r - a ring of see invisible (right hand)
Scrolls
 l - a scroll of remove curse
 m - 2 scrolls of enchant weapon
 p - a scroll of blinking {unknown}
 q - a scroll of magic mapping {unknown}
 t - a scroll of noise {unknown}
Potions
 e - a potion of curing
Books
 b - the Almanac of Toxins

   Spells                             Type                      Level
   a - Sting                          Conjuration/Poison           1
   b - Mephitic Cloud                 Conjuration/Poison/Air       3
 c - the Compendium of Weightlessness

   Spells                             Type                      Level
   a - Swiftness                      Charms/Air                   2
   b - Poisonous Vapours              Poison/Air                   2
Comestibles
 f - 3 rations


   Skills:
 + Level 4.8 Fighting
 + Level 1.6 Short Blades
 + Level 1.6 Long Blades
 + Level 1.6 Axes
 + Level 3.0 Maces & Flails
 + Level 1.6 Polearms
 + Level 1.6 Staves
 + Level 1.6 Slings
 + Level 1.6 Bows
 + Level 1.6 Crossbows
 + Level 1.6 Throwing
 + Level 4.8 Armour
 + Level 1.6 Dodging
 + Level 1.6 Stealth
 + Level 1.6 Shields
 + Level 1.6 Unarmed Combat
 + Level 3.2 Spellcasting
 + Level 1.2 Conjurations
 + Level 1.2 Hexes
 + Level 1.2 Charms
 + Level 1.2 Summonings
 + Level 1.2 Necromancy
 + Level 1.2 Translocations
 + Level 1.2 Transmutations
 + Level 1.2 Fire Magic
 + Level 1.2 Ice Magic
 + Level 4.0 Air Magic
 + Level 1.2 Earth Magic
 + Level 1.2 Poison Magic
 + Level 1.8 Invocations
 + Level 4.8 Evocations


You had 8 spell levels left.
You knew the following spells:

 Your Spells              Type           Power        Failure   Level  Hunger
a - Poisonous Vapours     Pois/Air       ####..       3%          2    ##.....


Dungeon Overview and Level Annotations

Branches:
Dungeon (3/15)

Altars:
Elyvilon
Hepliaklqana

Annotations:
D:3 Sigmund


Innate Abilities, Weirdness & Mutations

Your experience applies equally to all skills.
You have very sharp teeth.
Your uncanny sense of smell can sniff out nearby items.
Your life essence is reduced to manifest your ancestor. (-10% HP)


Message History

Belessunu hits the orc.
The orc barely misses Belessunu.
You are too injured to fight recklessly!
Unknown command.
You are too injured to fight recklessly!
Unknown command.
You are too injured to fight recklessly!
Okay, then.
You hit the orc warrior but do no damage.
The orc warrior is lightly wounded.
The orc misses Belessunu.
Belessunu hits the orc.
The orc warrior closely misses you.
You riposte.
You barely miss the orc warrior.
The orc warrior is lightly wounded.
The orc barely misses Belessunu.
You hit the orc warrior but do no damage.
The orc warrior is lightly wounded.
The orc hits Belessunu with a flail.
Belessunu closely misses the orc.
The orc closely misses Belessunu.
The orc warrior hits you with a dire flail!
You die...

##########
#........#
#........#
#...Ro...#
#..@oo...#
###+##+###


You could see the friendly Belessunu the ancestor, an orc warrior and 2 orcs.

Vanquished Creatures
  Jessica (D:2)
  4 adders
  A worm (D:2)
  2 leopard geckos (D:2)
  3 orcs (D:3)
  2 giant cockroaches (D:1)
  6 goblins
  5 hobgoblins
  3 jackals (D:1)
  7 kobolds
  A quokka (D:2)
  3 bats
  3 frilled lizards
  5 rats
46 creatures vanquished.

Vanquished Creatures (collateral kills)
  An orc priest (D:3)
  An orc wizard (D:3)
  2 adders (D:3)
  A giant cockroach (D:3)
  A goblin (D:3)
  A kobold (D:3)
  A rat (D:3)
8 creatures vanquished.

Grand Total: 54 creatures vanquished

Notes
Turn   | Place    | Note
-------+----------+-------------------------------------------
     0 | D:1      | manyhoops the Gnoll Wanderer began the quest for the Orb.
     0 | D:1      | manyhoops set off with: a +2 scale mail, the Almanac of Toxins, the Compendium of Weightlessness, a +0 dagger, a ration
     0 | D:1      | Reached XP level 1. HP: 20/20 MP: 4/4
     0 | D:1      | Identified the Almanac of Toxins
     0 | D:1      | Identified the Compendium of Weightlessness
    54 | D:1      | Reached XP level 2. HP: 23/26 MP: 5/5
   696 | D:1      | Reached XP level 3. HP: 31/31 MP: 7/7
  1528 | D:2      | Reached skill level 1 in Invocations
  1622 | D:2      | Reached skill level 1 in Short Blades
  1622 | D:2      | Reached skill level 1 in Long Blades
  1622 | D:2      | Reached skill level 1 in Axes
  1622 | D:2      | Reached skill level 1 in Polearms
  1622 | D:2      | Reached skill level 1 in Staves
  1622 | D:2      | Reached skill level 1 in Slings
  1622 | D:2      | Reached skill level 1 in Bows
  1622 | D:2      | Reached skill level 1 in Crossbows
  1622 | D:2      | Reached skill level 1 in Throwing
  1622 | D:2      | Reached skill level 1 in Dodging
  1622 | D:2      | Reached skill level 1 in Stealth
  1622 | D:2      | Reached skill level 1 in Shields
  1622 | D:2      | Reached skill level 1 in Unarmed Combat
  1670 | D:2      | Reached XP level 4. HP: 27/38 MP: 8/8
  2156 | D:2      | Noticed Jessica
  2193 | D:2      | Found a hazy altar of Hepliaklqana.
  2195 | D:2      | Killed Jessica
  2195 | D:2      | Reached skill level 1 in Conjurations
  2195 | D:2      | Reached skill level 1 in Hexes
  2195 | D:2      | Reached skill level 1 in Charms
  2195 | D:2      | Reached skill level 1 in Summonings
  2195 | D:2      | Reached skill level 1 in Necromancy
  2195 | D:2      | Reached skill level 1 in Translocations
  2195 | D:2      | Reached skill level 1 in Transmutations
  2195 | D:2      | Reached skill level 1 in Fire Magic
  2195 | D:2      | Reached skill level 1 in Ice Magic
  2195 | D:2      | Reached skill level 1 in Earth Magic
  2195 | D:2      | Reached skill level 1 in Poison Magic
  2202 | D:2      | Became a worshipper of Hepliaklqana the Forgotten
  2386 | D:3      | Reached XP level 5. HP: 26/38 MP: 9/9
  2677 | D:3      | Found a white marble altar of Elyvilon.
  2694 | D:3      | Noticed Sigmund
  2803 | D:3      | Learned a level 2 spell: Poisonous Vapours
  2889 | D:3      | You fall through a shaft for 3 floors!
  2889 | D:6      | Noticed a centaur
  2889 | D:6      | Noticed an ice beast
  2893 | D:6      | Noticed an orc warrior
  2907 | D:6      | Slain by an orc warrior

Skill      XL: |  1  2  3  4  5 |
---------------+----------------+-----
Invocations    | 1 |  1.8
Short Blades   | 1 |  1.6
Long Blades    | 1 |  1.6
Axes           | 1 |  1.6
Polearms       | 1 |  1.6
Staves         | 1 |  1.6
Slings         | 1 |  1.6
Bows           | 1 |  1.6
Crossbows      | 1 |  1.6
Throwing       | 1 |  1.6
Dodging        | 1 |  1.6
Stealth        | 1 |  1.6
Shields        | 1 |  1.6
Unarmed Combat | 1 |  1.6
Spellcasting   | 3 |  3.2
Conjurations   | 1 |  1.2
Hexes          | 1 |  1.2
Charms         | 1 |  1.2
Summonings     | 1 |  1.2
Necromancy     | 1 |  1.2
Translocations | 1 |  1.2
Transmutations | 1 |  1.2
Fire Magic     | 1 |  1.2
Ice Magic      | 1 |  1.2
Earth Magic    | 1 |  1.2
Poison Magic   | 1 |  1.2
Maces & Flails | 3 |  3.0
Air Magic      | 4 |  4.0
Fighting       | |  4.8
Armour         | |  4.8
Evocations     | |  4.8

Action                   |  1- 3 |  4- 6 || total
-------------------------+-------+-------++-------
Melee: Dagger            |   212 |    88 ||   300
       Bite              |    18 |    14 ||    32
       Falchion          |       |    19 ||    19
Invok: Recall Ancestor   |       |     1 ||     1
  Use: Potion            |       |     6 ||     6
       Scroll            |       |     5 ||     5
 Stab: Distracted        |       |     1 ||     1
  Eat: Chunk             |     2 |     4 ||     6
Armor: Scale mail        |   103 |    48 ||   151
Dodge: Dodged            |    71 |    54 ||   125
       Rpst.: Falchion   |       |     4 ||     4
